 Dungeon Crawl Stone Soup version 0.13-a0-2450-ga447c6a (webtiles) character file.

911 Rycklaryybbe the Covert (level 7, 0/51 HPs)
             Began as a Vampire Gladiator on July 17, 2013.
             Was a Follower of Ashenzari.
             Slain by a black bear (4 damage)
             ... on Level 5 of the Dungeon.
             The game lasted 00:15:02 (4187 turns).

Rycklaryybbe the Covert (Vampire Gladiator)         Turns: 4187, Time: 00:15:02

HP   0/51        AC  5     Str 14      XL: 7   Next: 47%
MP   7/7         EV 12     Int 10      God: Ashenzari [*.....]
Gold 167         SH  7     Dex 16      Spells:  0 memorised,  6 levels left

Res.Fire  : . . .   See Invis. : +   d - +0,-2 dagger of Certain Death {elec, rC+}
Res.Cold  : + . .   Warding    : .   y - +0 leather armour (curse)
Life Prot.: . . .   Conserve   : .   t - +0 buckler
Res.Poison: .       Res.Corr.  : .   c - +1 helmet
Res.Elec. : .       Clarity    : .   (no cloak)
Sust.Abil.: + .     Spirit.Shd : .   (no gloves)
Res.Mut.  : .       Stasis     : .   (no boots)
Res.Rott. : .       Flight     : .   (no amulet)
Saprovore : . . .                    (no ring)
                                     f - cursed ring of sustain abilities

@: regenerating quickly, slightly resistant to hostile enchantments, very
stealthy
A: bottle blood, fangs 3, see invisible, unbreathing
a: Bottle Blood, Renounce Religion


You were on level 5 of the Dungeon.
You worshipped Ashenzari.
Ashenzari was pleased with you.
You were very full.

You visited 1 branch of the dungeon, and saw 5 of its levels.

You collected 147 gold pieces.

Inventory:

Hand weapons
 a - a +0,+0 short sword
 d - the cursed +0,-2 dagger of Certain Death (weapon) {elec, rC+}
   (You took it off Blork the orc on level 4 of the Dungeon)

   Occasionally, upon striking a foe, it will discharge some electrical energy
   and cause terrible harm.
   It protects you from cold.
   It has a curse placed upon it.
 u - a +0,+0 long sword
 v - a +1,+1 orcish dagger of draining
 z - a +0,+0 short sword
 B - a +2 blowgun
Missiles
 r - 3 steel darts (quivered)
 s - 2 exploding darts
 A - 16 poisoned needles
Armour
 b - a +0 leather armour
 c - a +1 helmet (worn)
 t - a +0 buckler (worn)
 y - a cursed +0 leather armour (worn)
Magical devices
 l - a wand of magic darts (11) {unknown}
 w - a wand of fire (5) {unknown}
Scrolls
 g - a scroll of amnesia
 h - 2 scrolls of teleportation
 i - a scroll of curse armour
 j - a scroll of fear
 k - 3 scrolls of identify
 n - a scroll of enchant weapon I {unknown}
 o - 2 scrolls of remove curse
 q - 5 scrolls of blinking
Jewellery
 f - a cursed ring of sustain abilities (left hand)
Potions
 e - a potion of magic
 m - 4 potions of curing
 p - a potion of invisibility
Books
 x - a book of Control

   Spells                             Type                      Level
   Control Teleport                   Charms/Translocation         4
   Control Undead                     Necromancy                   4
   Enslavement                        Hexes                        4
   Mass Confusion                     Hexes                        6
   Metabolic Englaciation             Hexes/Ice                    6


   Skills:
 - Level 1.7 Fighting
 + Level 4.7 Short Blades
 - Level 4.5 Long Blades
 - Level 1.5 Throwing
 * Level 0.8 Armour
 + Level 4.5 Dodging
 - Level 9.4 Stealth


You had 6 spell levels left.
You didn't know any spells.

Dungeon Overview and Level Annotations

Branches:
Dungeon (5/27)
 Temple: D:4-7

Altars:
Ashenzari

Shops:
D:4: [

Annotations
D:5 Prince Ribbit


Innate Abilities, Weirdness & Mutations

Your natural rate of healing is unusually fast.
You can bottle blood from corpses.
You have razor-sharp teeth.*
You have supernaturally acute eyesight.
You can survive without breathing.*


Message History

Prince Ribbit barely misses you.
Drink which item? (? for menu, Esc to quit)
Okay, then.
Prince Ribbit momentarily phases out as your attack passes through him.
Prince Ribbit is lightly wounded.
The black bear bites you. The black bear claws you.
The black bear barely misses you. Prince Ribbit barely misses you.
You closely miss Prince Ribbit.
Prince Ribbit is lightly wounded.
Prince Ribbit hits you!
* * * LOW HITPOINT WARNING * * *
The black bear bites you.
* * * LOW HITPOINT WARNING * * *
You block the black bear's attack.
Drink which item? (? for menu, Esc to quit)
You feel better. Prince Ribbit hits you!
* * * LOW HITPOINT WARNING * * *
The black bear bites you but does no damage.
The black bear claws you.
You die...

.....# #. ........# ##.
#........#############♣.
#...................#♣♣.
#.......................
#...................#♣♣.
#...................##♣.
#.....F.............###.
#.....U@................
#.......................
#.......................
#.......................
########################


You could see Prince Ribbit and a black bear.

Vanquished Creatures
  Edmund (D:4)
  An ogre (D:4)
  Blork the orc (D:4)
  A crimson imp (D:4)
  2 hounds
  2 orc priests (D:4)
  4 worker ants
  2 orc wizards (D:4)
  An iguana (D:4)
  5 adders
  A giant mite (D:4)
  2 worms
  2 giant geckos
  An ooze (D:3)
  4 orcs
  8 bats
  A bat skeleton (D:4)
  7 hobgoblins
  8 kobolds
  3 quokkas
  5 giant cockroaches
  4 giant newts
  12 goblins
  20 jackals
  9 rats
107 creatures vanquished.

Vanquished Creatures (others)
  2 orcs (D:4)
  A giant newt (D:4)
3 creatures vanquished.

Grand Total: 110 creatures vanquished

Notes
Turn   | Place    | Note
--------------------------------------------------------------
     0 | D:1      | Rycklaryybbe, the Vampire Gladiator, began the quest for the Orb.
     0 | D:1      | Reached XP level 1. HP: 17/17 MP: 1/1
   121 | D:1      | Reached XP level 2. HP: 16/23 MP: 2/2
   123 | D:1      | Reached skill level 4 in Short Blades
   881 | D:2      | Reached XP level 3. HP: 28/28 MP: 3/3
   952 | D:2      | Found a shattered altar of Ashenzari.
   988 | D:2      | Reached skill level 1 in Long Blades
   995 | D:2      | Became a worshipper of Ashenzari the Shackled
  1713 | D:2      | Reached XP level 4. HP: 26/34 MP: 4/4
  2466 | D:3      | Reached skill level 1 in Stealth
  2640 | D:4      | Reached XP level 5. HP: 31/40 MP: 5/5
  2641 | D:4      | Noticed Blork the orc
  2666 | D:4      | Noticed an ogre
  2675 | D:4      | Killed an ogre
  2675 | D:4      | Reached skill level 5 in Stealth
  2757 | D:4      | Reached skill level 6 in Stealth
  2772 | D:4      | Noticed Edmund
  2843 | D:4      | Reached XP level 6. HP: 46/46 MP: 6/6
  2885 | D:4      | Killed Edmund
  2885 | D:4      | Reached skill level 7 in Stealth
  2945 | D:4      | Reached skill level 8 in Stealth
  3051 | D:4      | Found Cutrach's Armour Shoppe.
  3106 | D:4      | Killed Blork the orc
  3106 | D:4      | Reached skill level 9 in Stealth
  3106 | D:4      | Reached XP level 7. HP: 18/51 MP: 7/7
  3108 | D:4      | Got the cursed dagger of Certain Death {elec, rC+}
  3799 | D:5      | Entered Level 5 of the Dungeon
  4171 | D:5      | Noticed Prince Ribbit
  4187 | D:5      | Slain by a black bear

Action                   |  1- 3 |  4- 6 |  7- 9 || total
-------------------------+-------+-------+-------++-------
Melee: Short sword       |    97 |       |       ||    97
       Long sword        |    71 |   178 |       ||   249
       Dagger            |       |       |   106 ||   106
Throw: Throwing net      |       |     5 |       ||     5
       Dart              |       |     1 |       ||     1
  Use: Scroll            |       |     9 |     2 ||    11
       Potion            |       |     9 |     6 ||    15
 Stab: Sleeping          |     1 |     2 |     2 ||     5
       Held in net/web   |       |     1 |       ||     1
       Distracted        |       |       |     1 ||     1
